 Dungeon Crawl Stone Soup version 0.24.0-123-gd5b16e6ec5 (webtiles) character file.

Game seed: 11402128296929930257, levelgen mode: deterministic

592 CrazyMind the Ruffian (level 7, -2/99 HPs)
             Began as a Troll Fighter on Jan 26, 2020.
             Slain by a troll (8 damage)
             ... on level 5 of the Dungeon.
             The game lasted 00:24:46 (3140 turns).

CrazyMind the Ruffian (Troll Fighter)               Turns: 3140, Time: 00:24:47

Health: -2/99      AC:  6    Str: 30    XL:     7   Next: 16%
Magic:  6/6        EV:  9    Int: 12    God:
Gold:   185        SH: 10    Dex: 12    Spells: 6/6 levels left

rFire    . . .     SeeInvis .     - Unarmed
rCold    . . .     Gourm    +   b - +0 shield
rNeg     . . .     Faith    .   a - +0 robe
rPois    +         Spirit   .   (helmet restricted)
rElec    .         Reflect  .   (no cloak)
rCorr    +         Harm     .   (gloves unavailable)
MR       .....                  (boots unavailable)
Stlth    ..........             (no amulet)
HPRegen  0.66/turn              w - +2 ring of dexterity
MPRegen  0.10/turn              s - ring of resist corrosion

@: brilliant, berserking, very quick
A: large, unfitting armour, claws 3, clever 1, fast metabolism 3, gourmand,
poison resistance, regeneration 1, shaggy fur 1, tough skin 3, MP-powered wands
a: no special abilities


You were on level 5 of the Dungeon.
You were very full.

You visited 1 branch of the dungeon, and saw 5 of its levels.

You collected 185 gold pieces.

Inventory:

Hand Weapons
 q - a +0 whip
Missiles
 f - 15 sling bullets
 h - 89 stones
 l - 13 poisoned darts (quivered)
Armour
 a - a +0 robe (worn)
 b - a +0 shield (worn)
Jewellery
 c - an uncursed ring of flight
 s - a ring of resist corrosion (right claw)
 w - a +2 ring of dexterity (left claw)
Wands
 p - a wand of disintegration (12)
Scrolls
 g - 4 scrolls of noise {unknown}
 i - 5 scrolls of identify {unknown}
 j - a scroll of random uselessness {unknown}
 m - a scroll of blinking {unknown}
 n - a scroll of enchant armour {unknown}
 o - 3 scrolls of teleportation {unknown}
 t - a scroll of enchant weapon {unknown}
 u - a scroll of remove curse {unknown}
Potions
 r - a potion of brilliance
 v - a potion of heal wounds {unknown}
Comestibles
 d - 11 rations


   Skills:
 + Level 2.7 Fighting
 + Level 3.4 Throwing
 + Level 3.1 Dodging
 * Level 4.1 Shields
 + Level 4.5 Unarmed Combat


You had 6 spell levels left.
You didn't know any spells.
Your spell library contained the following spells:

 Spells                   Type           Power        Failure   Level  Hunger
 Shock                    Conj/Air       #...         11%         1    ##.....
 Swiftness                Chrm/Air       #.......     14%         2    ###....
 Static Discharge         Conj/Air       #.......     26%         3    ####...
 Airstrike                Air            #.........   61%         4    #####..
 Lightning Bolt           Conj/Air       #.........   88%         5    ######.


Dungeon Overview and Level Annotations

Branches:
Dungeon (5/15)
 Temple: D:4-7

Altars:
Fedhas
Kikubaaqudgha
Uskayaw
Vehumet
Xom

Annotations:
D:3 Eustachio


Innate Abilities, Weirdness & Mutations

You are too large for most types of armour.
You have claws for hands.
Your metabolism is lightning-fast.
You like to eat raw meat.
Your natural rate of healing is unusually fast.
You are covered in fur. (AC +1)
You have extremely tough skin. (AC +3)
Your mind is acute. (Int +2)
Your system is resistant to poisons. (rPois)
You expend magic power (3 MP) to strengthen your wands.


Message History

You block the troll's attack. The troll claws you.
You block the troll's attack.
It was a potion of berserk rage.
A red film seems to cover your vision as you go berserk!
You feel yourself moving faster!
You feel mighty! The troll bites you! The troll claws you!
* * * LOW HITPOINT WARNING * * *
The troll completely misses you.
You closely miss the troll.
The troll is lightly wounded.
You scratch the troll.
The troll is moderately wounded.
You block the troll's attack. The troll claws you!
* * * LOW HITPOINT WARNING * * *
The troll claws you!
* * * LOW HITPOINT WARNING * * *
You claw the troll!
The troll is heavily wounded.
The troll bites you!
You die...

..........#.####
#...##........
.....##...#...
.................#
#.#.....(.#
.###...##.##.........
....##..(# .#
#...#..##..#.#...# #.#.
#.... ###..........#......
# # #.....
.....#..##..#...... ....#.#
#..................
##..#...#..................
...###((T@..###...###...##
...(.#....# #...# #...# ###
#....###...###...##
#..................
......................
.....#..............^.
.........###...###...##
.....##..# #...# #.[.#
###+# #..# #...# #...##


You could see a troll.

Vanquished Creatures
  A bullfrog (D:5)
  A crimson imp (D:5)
  A jelly (D:4)
  4 orc wizards (D:4)
  2 bullfrog skeletons
  A centaur skeleton (D:5)
  An iguana (D:4)
  Natasha (thrice) (D:3)
  A hound zombie (D:2)
  3 gnolls (D:3)
  5 adders
  An adder zombie (D:5)
  2 worms
  3 dart slugs
  A leopard gecko (D:1)
  5 orcs
  7 bats
  5 giant cockroaches
  7 goblins
  11 hobgoblins
  2 quokkas
  2 frilled lizards
  7 kobolds
  2 rats (D:2)
78 creatures vanquished.

Notes
Turn   | Place    | Note
-------+----------+-------------------------------------------
     0 | D:1      | CrazyMind the Troll Fighter began the quest for the Orb.
     0 | D:1      | Reached XP level 1. HP: 22/22 MP: 0/0
   152 | D:1      | Reached XP level 2. HP: 29/29 MP: 1/1
   710 | D:2      | Reached XP level 3. HP: 36/36 MP: 2/2
  1037 | D:2      | Reached XP level 4. HP: 44/44 MP: 3/3
  1402 | D:3      | Found a radiant altar of Vehumet.
  1424 | D:3      | Found a shimmering altar of Xom.
  1461 | D:3      | Noticed Natasha
  1468 | D:3      | Gained mutation: Your mind is acute. (Int +2) [potion of
                  | mutation]
  1468 | D:3      | Gained mutation: Your system is resistant to poisons.
                  | (rPois) [potion of mutation]
  1468 | D:3      | Gained mutation: You expend magic power (3 MP) to
                  | strengthen your wands. [potion of mutation]
  1472 | D:3      | Killed Natasha
  1472 | D:3      | Reached skill level 1 in Throwing
  1611 | D:3      | Found an ancient bone altar of Kikubaaqudgha.
  1613 | D:3      | Found a blossoming altar of Fedhas.
  1916 | D:3      | Noticed Natasha
  1922 | D:3      | Killed Natasha
  1922 | D:3      | Reached XP level 5. HP: 50/50 MP: 4/4
  2149 | D:3      | Noticed Natasha
  2157 | D:3      | Killed Natasha
  2242 | D:4      | Noticed Eustachio
  2450 | D:4      | Reached XP level 6. HP: 45/59 MP: 5/5
  2906 | D:5      | Entered Level 5 of the Dungeon
  3008 | D:5      | Reached XP level 7. HP: 63/66 MP: 6/6
  3013 | D:5      | Noticed a troll
  3063 | D:5      | Found a hide-covered altar of Uskayaw.
  3140 | D:5      | Slain by a troll

Levels and vault maps discovered:
D:1:      lemuel_arrival_muddy, layout_basic, serial_glass, glass_columns_b,
          glass_columns_a, minmay_misc_feat_x, ebering_dispersal_statue_hall
D:2:      layout_rooms
D:3:      layout_basic, grunt_temple_overflow_growth_and_decay,
          xom_teletrap_fun, vehumet_crystals, nicolae_underground_beach,
          uniq_natasha
D:4:      layout_rooms, first_ration, uniq_eustachio
D:5:      layout_basic, kennysheep_mini, lemuel_crystal_altar,
          nicolae_overflow_hidden_temple, kennysheep_boxes

Skill      XL: |  1  2  3  4  5  6 |
---------------+-------------------+-----
Shields        | 3 4 |  4.1
Throwing       | 2 3 |  3.4
Unarmed Combat | 3 4 |  4.5
Dodging        | 3 |  3.1
Fighting       | |  2.7

Action                   |  1- 3 |  4- 6 |  7- 9 || total
-------------------------+-------+-------+-------++-------
Melee: Unarmed           |    75 |   120 |     6 ||   201
Throw: Stone             |    67 |    80 |     3 ||   150
       Dart              |     7 |    47 |     3 ||    57
  Use: Potion            |     1 |     2 |     2 ||     5
  Eat: Chunk             |    15 |    18 |       ||    33
Armor: Robe              |    19 |    40 |       ||    59
Dodge: Dodged            |    19 |    36 |     2 ||    57
Block: Shield            |    26 |    51 |     5 ||    82
